 Dungeon Crawl Stone Soup version 0.28.0-49-g6dfe1f597d (webtiles) character file.

Game seed: 2644071229943915160

5 Atelerd the Digger (level 1, -2/11 HPs)
             Began as an Octopode Earth Elementalist on May 12, 2022.
             Slain by a jackal (3 damage)
             ... on level 1 of the Dungeon.
             The game lasted 00:00:21 (39 turns).

Atelerd the Digger (Octopode Earth Elementalist)      Turns: 39, Time: 00:00:21

Health: -2/11      AC:  1    Str:  7    XL:     1   Next: 80%
Magic:  0/3        EV: 13    Int: 17    God:
Gold:   13         SH:  0    Dex: 12    Spells: 3/4 levels left

rFire   . . .      SeeInvis .   (no weapon)
rCold   . . .      Faith    .   (no shield)
rNeg    . . .      Spirit   .   (helmet restricted)
rPois   .          Reflect  .   (no amulet)
rElec   .          Harm     .   (no ring)
rCorr   .          Rampage  .   (no ring)
Will    .....                   (no ring)
Stlth   +++.......              (no ring)
HPRegen 0.03/turn               (no ring)
MPRegen 0.08/turn               (no ring)
                                (no ring)
                                (no ring)

@: no status effects
A: almost no armour, amphibious, 8 rings, camouflage 1, gelatinous body 1,
(nimble swimmer 1), tentacles
a: no special abilities


You were on level 1 of the Dungeon.
You visited 1 branch of the dungeon, and saw 1 of its levels.

You collected 13 gold pieces.

Inventory:

Missiles
 b - 26 stones


   Skills:
 - Level 2.0 Dodging
 + Level 2.9 Stealth
 + Level 2.1 Spellcasting
 + Level 1.2 Transmutations
 + Level 3.1 Earth Magic


You had 3 spell levels left.
You knew the following spells:

 Your Spells              Type           Power      Damage    Failure   Level
a - Sandblast             Erth           24%        2d8       5%          1

Your spell library contained the following spells:

 Spells                   Type           Power      Damage    Failure   Level
 Passwall                 Tmut/Erth      7%         N/A       12%         2
 Stone Arrow              Conj/Erth      14%        3d7       30%         3
 Petrify                  Tmut/Erth      9%         N/A       61%         4


Dungeon Overview and Level Annotations

Branches:
Dungeon (1/15)

Altars:


Innate Abilities, Weirdness & Mutations

You cannot wear most types of armour.
You are amphibious.
You can wear up to eight rings at the same time.
Your skin changes colour to match your surroundings (Stealth+).
Your rubbery body absorbs attacks. (AC +1, EV +1)
((You are camouflaged when in or above water. (Stealth+)))
You have tentacles for arms and can constrict up to eight enemies at once.


Message History

You tentacle-slap the jackal but do no damage.
You grab the jackal.
You squeeze the jackal, but do no damage.
The jackal is lightly wounded.
You constrict the jackal, but do no damage.
The jackal barely misses you. x2
You barely miss the jackal.
The jackal is lightly wounded.
You constrict the jackal, but do no damage.
The jackal closely misses you.
You tentacle-slap the jackal but do no damage.
The jackal is lightly wounded.
You constrict the jackal. The jackal bites you.
* * * LOW HITPOINT WARNING * * *
Casting: Sandblast (safe; 5% risk of failure)
Confirm with . or Enter, or press ? or * to list all spells.
Aiming: Sandblast (safe; 5% risk of failure)
Press: ? - help, Shift-Dir - straight line, f/p - jackal
Aim: a jackal (moderately wounded, constricted by you, 98% to hit)
The blast of sand hits the jackal but does no damage.
The jackal is moderately wounded.
You constrict the jackal. The jackal barely misses you.
The jackal closely misses you.
Unknown command.
Casting: Sandblast (safe; 5% risk of failure)
Confirm with . or Enter, or press ? or * to list all spells.
You don't know that spell.
Sorry, you're not good enough to have a special ability.
You tentacle-slap the jackal.
The jackal is severely wounded.
You constrict the jackal. The jackal misses you.
You barely miss the jackal. You squeeze the jackal.
You kill the jackal!
You barely miss the jackal. Your grab misses the jackal.
The jackal completely misses you. The jackal barely misses you.
You closely miss the jackal. Your grab misses the jackal.
Your squeeze misses the jackal. The jackal closely misses you.
You tentacle-slap the jackal but do no damage.
You grab the jackal. You constrict the jackal. The jackal bites you.
You die...

... #.### ##..[# #
..#.##.##
#.......... #...#
....# #).## ...###
#h##.#...#.# ..
#.####@###.....# #..
#.......##.....##...
######..............
#......#......
#.....###....#
#....#...#
#......#.<.#
...###.........# #.#
#..#...#..#


You could see a jackal.

Vanquished Creatures
  A goblin (D:1)
  A hobgoblin (D:1)
  2 jackals (D:1)
4 creatures vanquished.

Notes
Turn   | Place    | Note
-------+----------+-------------------------------------------
     0 | D:1      | Atelerd the Octopode Earth Elementalist began the quest for
                  | the Orb.
     0 | D:1      | Reached XP level 1. HP: 11/11 MP: 3/3
    39 | D:1      | Slain by a jackal

Illustrated notes

Levels and vault maps discovered:
D:1:      erik_arrival_blinker_ship, layout_loops_ring

Action                   || total
-------------------------++-------
Melee: Unarmed           ||    21
       Constrict         ||     4
       Tentacles         ||     3
 Cast: Sandblast         ||     4
Armor: Skin              ||     3
Dodge: Dodged            ||    23
